 Dungeon Crawl Stone Soup version 0.29.1-12-g30fa7ad0bf (webtiles) character file.

Game seed: 11173109169783393914

21 Rrauwl the Trooper (level 2, 0/33 HPs)
             Began as an Ogre Abyssal Knight on Dec 20, 2022.
             Was a Believer of Lugonu.
             Slain by an adder (2 damage)
             ... on level 2 of the Dungeon.
             The game lasted 00:04:35 (1244 turns).

Rrauwl the Trooper (Ogre Abyssal Knight)            Turns: 1244, Time: 00:04:35

Health: 0/33       AC:  3    Str: 16    XL:     2   Next: 83%
Magic:  3/3        EV: 10    Int: 11    God:    Lugonu [**....]
Gold:   19         SH:  0    Dex:  9    Spells: 1/1 levels left

rFire   . . .      SeeInvis .   a - +1 mace
rCold   . . .      Faith    +   (no shield)
rNeg    . . .      Spirit   .   b - +0 robe
rPois   .          Reflect  .   (helmet restricted)
rElec   .          Harm     .   (no cloak)
rCorr   .          Rampage  .   (gloves unavailable)
Will    .....                   (boots unavailable)
Stlth   +.........              d - amulet of faith
HPRegen 0.11/turn               (no ring)
MPRegen 0.08/turn               (no ring)

@: mighty, lethally poisoned (0 -> -2)
A: large, unfitting armour, tough skin 1
a: Renounce Religion, Depart the Abyss, Bend Space


You were on level 2 of the Dungeon.
You worshipped Lugonu.
Lugonu was pleased with you.
You visited 1 branch of the dungeon, and saw 2 of its levels.
You visited the Abyss 1 time.

You collected 19 gold pieces.

Inventory:

Hand Weapons
 a - a +1 mace (weapon)
Armour
 b - a +0 robe (worn)
Magical Staves
 c - a staff of air
Jewellery
 d - an amulet of faith (around neck)
Scrolls
 e - 2 scrolls of vulnerability
 f - 3 scrolls of identify


   Skills:
 + Level 4.3 Fighting
 + Level 2.1 Maces & Flails
 + Level 2.4 Dodging
 + Level 2.4 Invocations


You had one spell level left.
You didn't know any spells.
Your spell library was empty.

Dungeon Overview and Level Annotations

Branches:
Dungeon (2/15)

Altars:


Innate Abilities, Weirdness & Mutations

You are too large for most types of armour.
You have tough skin. (AC +1)


Message History

The adder hisses angrily.
The adder bites you.
You see here 3 stones.
You closely miss the adder. The adder bites you.
You are poisoned.
The adder poisons you! The goblin hits you with a +0 dagger.
You closely miss the adder.
You feel sick. The adder bites you. The goblin hits you but does no damage.
The adder closely misses you.
You barely miss the adder.
You feel sick. The adder bites you. The goblin hits you with a +0 dagger.
The adder bites you. The goblin hits you but does no damage.
You thump the adder!
The adder is severely wounded.
You feel sick. The adder bites you. The goblin hits you with a +0 dagger.
The adder misses you.
You are too injured to fight recklessly!
You are too injured to fight recklessly!
You feel very mighty all of a sudden.
You feel sick.
You are no longer poisoned.
The goblin hits you with a +0 dagger. The adder bites you but does no damage.
You barely miss the adder.
The adder is severely wounded.
The adder bites you.
* * * LOW HITPOINT WARNING * * *
You are poisoned.
The adder poisons you! The goblin hits you but does no damage.
You completely miss the adder.
The adder is severely wounded.
You feel sick. The adder bites you but does no damage.
The goblin hits you with a +0 dagger.
* * * LOW HITPOINT WARNING * * *
The adder bites you.
* * * LOW HITPOINT WARNING * * *
You closely miss the adder.
The adder is severely wounded.
You feel sick. The goblin hits you with a +0 dagger.
* * * LOW HITPOINT WARNING * * *
The adder bites you.
You die...

#
###.######
.........#
.......S.#
♣....!@.#
.......g.#
.........#
.####....#
######


You could see an adder and a goblin.

Vanquished Creatures
  3 endoplasms (D:1)
  2 giant cockroaches (D:1)
  A goblin (D:2)
  A hobgoblin (D:1)
  3 ball pythons (D:1)
  A bat (D:1)
  A frilled lizard (D:1)
  2 kobolds (D:1)
  7 rats
21 creatures vanquished.

Vanquished Creatures (others)
  3 plants (D:1)
3 creatures vanquished.

Grand Total: 24 creatures vanquished

Notes
Turn   | Place    | Note
-------+----------+-------------------------------------------
     0 | Abyss:1  | Rrauwl the Ogre Abyssal Knight began the quest for the Orb.
     0 | Abyss:1  | Reached XP level 1. HP: 24/24 MP: 2/2
    27 | Abyss:1  | Found a corrupted altar of Lugonu.
    53 | Abyss:1  | Found a corrupted altar of Lugonu.
    54 | Abyss:1  | Found a corrupted altar of Lugonu.
   132 | Abyss:1  | Noticed an ancient zyme
   136 | Abyss:1  | Noticed a bone dragon
   146 | Abyss:1  | Noticed a large abomination
   186 | Abyss:2  | Noticed a wretched star
   187 | D:1      | Escaped the Abyss
   441 | D:1      | Reached ** piety under Lugonu
   520 | D:1      | Reached XP level 2. HP: 25/32 MP: 3/3
  1109 | D:1      | Found a faded altar of an unknown god.
  1244 | D:2      | Slain by an adder

Illustrated notes

Levels and vault maps discovered:
D:1:      wheals_arrival_shading, layout_loops_ring,
          dilly_ecumenical_altar_fadedgnrine
D:2:      layout_rooms, chequers_mini_garden

Skill      XL: |  1  2 |
---------------+-------+-----
Maces & Flails | 2 |  2.1
Fighting       | |  4.3
Dodging        | |  2.4
Invocations    | |  2.4

Action                   || total
-------------------------++-------
Melee: Mace              ||    72
Invok: Depart the Abyss  ||     1
  Use: Potion            ||     4
       Scroll            ||     3
Armor: Robe              ||    20
Dodge: Dodged            ||    25
